 Dungeon Crawl Stone Soup version 0.27-a0-686-gaed091b46b (webtiles) character file.

Game seed: 365672928126920504

3 hobsini2 the Chucker (level 1, 0/15 (22) HPs)
             Began as an Ogre Hunter on Mar 20, 2021.
             Slain by a bat (1 damage)
             ... on level 1 of the Dungeon.
             The game lasted 00:00:38 (61 turns).

hobsini2 the Chucker (Ogre Hunter)                    Turns: 61, Time: 00:00:38

HP:   0/15 (22)     AC:  3    Str: 15    XL:     1   Next: 50%
MP:   1/1           EV:  9    Int: 12    God:
Gold: 0             SH:  0    Dex:  9    Spells: 0/0 levels left

rFire    . . .     SeeInvis .   a - +0 short sword
rCold    . . .     Faith    .   (no shield)
rNeg     . . .     Spirit   .   b - +0 robe
rPois    .         Reflect  .   (helmet restricted)
rElec    .         Harm     .   (no cloak)
rCorr    .         Rampage  .   (gloves unavailable)
Will     .....                  (boots unavailable)
Stlth    +.........             (no amulet)
HPRegen  0.05/turn              (no ring)
MPRegen  0.07/turn              (no ring)

@: very heavily drained
A: large, unfitting armour, tough skin 1
a: no special abilities


You were on level 1 of the Dungeon.
You visited 1 branch of the dungeon, and saw 1 of its levels.

Inventory:

Hand Weapons
 a - a +0 short sword (weapon)
 e - a +0 dagger of draining
Missiles
 c - 5 large rocks (quivered)
 d - 2 throwing nets
Armour
 b - a +0 robe (worn)


   Skills:
 + Level 2.7 Fighting
 + Level 4.1 Throwing
 + Level 1.7 Dodging
 + Level 0.6 Stealth


You couldn't memorise any spells.
You didn't know any spells.
Your spell library was empty.

Dungeon Overview and Level Annotations

Branches:
Dungeon (1/15)

Altars:


Innate Abilities, Weirdness & Mutations

You are too large for most types of armour.
You have tough skin. (AC +1)


Message History

The bat closely misses you.
The goblin hits you with a +0 dagger of draining.
* * * LOW HITPOINT WARNING * * *
You feel drained. The bat barely misses you. The goblin barely misses you.
You see here a kobold corpse.
You hit the goblin.
You kill the goblin!
The bat hits you but does no damage. The bat hits you but does no damage.
Found an escape hatch in the floor.
Things that are here:
a +0 dagger of draining; a goblin corpse The bat hits you but does no damage.
The bat hits you but does no damage.
Things that are here:
a +0 dagger of draining; a goblin corpse
e - a +0 dagger of draining The bat hits you but does no damage.
The bat hits you but does no damage. The bat closely misses you.
The bat barely misses you. The bat hits you.
* * * LOW HITPOINT WARNING * * *
The bat barely misses you.
You closely miss the bat. The bat misses you.
You miss the bat. The bat hits you but does no damage.
The bat hits you but does no damage.
You barely miss the bat. The bat hits you but does no damage. The bat hits you.
* * * LOW HITPOINT WARNING * * *
You barely miss the bat. The bat hits you but does no damage. The bat hits you.
* * * LOW HITPOINT WARNING * * *
The bat hits you but does no damage.
You miss the bat. The bat hits you but does no damage.
The bat barely misses you.
You hit the bat but do no damage. The bat hits you but does no damage.
The bat hits you.
You die...

##............ ..#
##..≈≈≈≈≈≈≈..###...
#..≈≈...♣.≈≈.....r#
..≈≈..♣....≈≈..#
.≈≈..8.<..♣.≈≈.# #
.≈........8..≈.##.#
.≈.....♣.....≈.....
.≈≈.♣.......≈≈.##.#
..≈≈..8....≈b@.# #
#..≈≈.....≈≈...#..##
#...≈≈≈.≈≈≈.........
#............###.###
........†...## .#
........†...## #
.............#
#.##............ #.
#.....#######


You could see a bat.

Vanquished Creatures
  A goblin (D:1)
  A kobold (D:1)
  A frilled lizard (D:1)
3 creatures vanquished.

Notes
Turn   | Place    | Note
-------+----------+-------------------------------------------
     0 | D:1      | hobsini2 the Ogre Hunter began the quest for the Orb.
     0 | D:1      | Reached XP level 1. HP: 22/22 MP: 1/1
    61 | D:1      | Slain by a bat

Illustrated notes

Levels and vault maps discovered:
D:1:      moated_graveyard_arrival, layout_loops_ring

Action                   || total
-------------------------++-------
Melee: Short sword       ||    17
Armor: Robe              ||    22
Dodge: Dodged            ||    23

Table legend: (Time is in decaauts)
 A = Elapsed time spent in this place.
 B = Non-inter-level travel time spent in this place.
 C = Inter-level travel time spent in this place.
 D = Time resting spent in this place.
 E = Time spent auto-exploring this place.
 F = Levels seen in this place.
 G = Mean time per level.
                   A        B        C        D        E       F      G
               +--------+--------+--------+--------+--------+-----+--------+
         Total |     62 |     62 |      0 |      0 |      0 |   1 |   62.0 |
       Dungeon |     62 |     62 |      0 |      0 |      0 |   1 |   62.0 |
               +--------+--------+--------+--------+--------+-----+--------+

Top non-repeatable levels by time:
     D:1: 62 daAuts
